Unix NetHack Version 5.0.0-0 post-release - last build May  4 2026 22:22:43 (774f63e81ad911689b3a0859ea89b322d5daca8d,branch:main).

Game began 2026-05-09 01:40:55, ended 2026-05-09 02:03:18.

Drastanta, neutral male gnomish Wizard

          $                  -----------                                $
                 -------     |.........-######       *
                 |....$|     |.........|     ###
         $       |......#  ##-....{....|       #  -------------
     $$          |.../.|## # |$........|       # #-...<.......|
              $  |.....| ####|.........|       ###|.{.........|
 -------         --.--+-   ##|..........       ###|..)........|
 |......####       ##        -----+-----     # # #--------.----
 |..>..|   ##       #                        #######                    ------
 |.....|    #       #     ##                  # ####                ####.....|
 |.....|    #       ##  #####                 #   ##               ##   |....|
 |.....|    ###------|--#   ####   #          #   ###    -----   ###    |....|
 -------      #-@...l..-#      ######         #    ###   |...|   #      |....|
               |.......|          -.----.-----#    ##%###|...-####      ------
   $        $  |........###       |..........|#  $    # #-.^.|
               |.......|          |..........|#          ----- $
         $ $   ---------          |...........#        $
                                  ------------       $

Drastanta the Conjurer    St:12 Dx:14 Co:13 In:19 Wi:12 Ch:9  Neutral
Dlvl:5  $:16 HP:0(35) Pw:51(56) AC:9  Xp:5 T:2289  Blind

Latest messages:
 The spell hits the leprechaun!
 You kill the leprechaun!
 Your kitten eats a leprechaun corpse.
 You stop.  Your kitten is in the way!
 You swap places with your kitten.
 You hear bubbling water.
 You see here 16 gold pieces.
 $ - 16 gold pieces.
 You stop.  Your kitten is in the way!
 You swap places with your kitten.
 The kitten picks up a small glob of gray ooze.
 You swap places with your kitten.
 You destroy the kobold zombie!
 You see here a kobold corpse.
 In what direction? 3
 The spell hits the floating eye!
 You kill the floating eye!
 You see here a floating eye corpse.
 There is a floating eye corpse here; eat it? [ynq] (n) y
 This floating eye corpse is stringy.
 You finish eating the floating eye corpse.
 You feel a strange mental acuity.
 What do you want to drop? [$a-qs-yA or ?*] ?
 What do you want to drop? [$a-qs-yA or ?*] <esc>
 Never mind.
 What do you want to drop? [$a-qs-yA or ?*] ?
 Never mind.
 What do you want to ready? [$ or ?*] <esc>
 Never mind.
 What do you want to drink? [fgh or ?*] ?
 You detect the presence of objects.
 (For instructions type a '?')
 Done.
 You swap places with your kitten.
 The leprechaun zaps a pine wand!
 The bolt of lightning misses the kitten.
 The bolt of lightning whizzes by you!
 You are blinded by the flash!
 Your arm tingles.
 You hear a nearby zap.
 You have a sad feeling for a moment, then it passes.
 The bolt of lightning hits you!
 Your ring of cold resistance turns to dust and vanishes!
 Your platinum wand breaks apart and explodes!
 You die...
 Do you want your possessions identified? [ynq] (y) y
 Do you want to see your attributes? [ynq] (y) y
 Do you want an account of creatures vanquished? [ynaq] (y) y
 Do you want to see your conduct and achievements? [ynq] (y) y
 Do you want to see the dungeon overview? [ynq] (y) y

Inventory:
 Coins    ('$')
  $ - 16 gold pieces
 Amulets  ('"')
  p - an uncursed amulet of guarding
 Weapons  (')')
  a - a blessed +1 quarterstaff (weapon in hands)
 Armor    ('[')
  b - an uncursed +0 cloak of magic resistance (being worn)
 Comestibles  ('%')
  u - an uncursed apple
  o - an uncursed carrot
  A - an uncursed partly eaten food ration
  w - an uncursed fortune cookie
 Scrolls  ('?')
  j - an uncursed scroll of enchant armor
  y - an uncursed scroll of gold detection
  i - an uncursed scroll of remove curse
  k - an uncursed scroll of teleportation
 Spellbooks  ('+')
  q - an uncursed spellbook of clairvoyance
  v - an uncursed spellbook of detect unseen
  l - a blessed spellbook of force bolt
  x - an uncursed spellbook of jumping
  m - an uncursed spellbook of stone to flesh
 Potions  ('!')
  f - an uncursed potion of confusion
  h - 2 uncursed potions of healing
  g - an uncursed potion of object detection
 Rings    ('=')
  d - an uncursed ring of fire resistance (on right hand)
 Wands    ('/')
  c - a wand of locking (0:4)
 Tools    ('(')
  n - a magic marker (0:21)
  t - an uncursed oil lamp

Drastanta the Wizard's attributes:

Background:
 You were a Conjurer, a level 5 male gnomish Wizard.
 You were neutral, nominally on a mission for Thoth
 who was opposed by Ptah (lawful) and Anhur (chaotic).
 You were right-handed.
 You were in the Dungeons of Doom, on level 5.
 You entered the dungeon 2289 turns ago.
 It was nighttime.
 You had 204 experience points, 116 more were needed to attain level 6.

Basics:
 You had 0 out of 35 hit points.
 You had 51 out of 56 energy points (spell power).
 Your armor class was 9.
 Your wallet contained 16 zorkmids.
 Autopickup was off.

Final Characteristics:
 Your strength was 12 (limit:18/50).
 Your dexterity was 14 (limit:18).
 Your constitution was 13 (limit:18).
 Your intelligence was 19 (limit:19).
 Your wisdom was 12 (limit:18).
 Your charisma was 9 (limit:18).

Final Status:
 You were temporarily blind.
 You weren't hungry.
 You were unencumbered.
 You were wielding a quarterstaff.
 You had basic skill with quarterstaff.

Final Attributes:
 You were piously aligned.
 You were magic-protected.
 You were fire resistant.
 Your items were protected from fire.
 You were telepathic.
 You had infravision.
 You were warded.
 You are dead.

Miscellaneous:
 You didn't encounter any bones levels.
 Total elapsed playing time was 22 minutes and 22 seconds.

Major events:
 Turn
    1: Drastanta the neutral male gnomish Wizard entered the dungeon
  674: attained the rank of Conjurer (level 3)
 2289: killed by a bolt of lightning zapped by a leprechaun

Spells:
 Name                 Level Category     Fail Retention
 force bolt             1   attack         0%   81%-90%
 stone to flesh         3   healing       72%  76%-100%
 jumping                1   escape         0%  76%-100%

Skills:
 Fighting Skills
   bare handed combat [Unskilled]
   riding             [Unskilled]
 Weapon Skills
   dagger             [Unskilled]
   knife              [Unskilled]
   axe                [Unskilled]
   short sword        [Unskilled]
   club               [Unskilled]
   mace               [Unskilled]
   quarterstaff       [Basic]
   polearms           [Unskilled]
   spear              [Unskilled]
   trident            [Unskilled]
   sling              [Unskilled]
   dart               [Unskilled]
   shuriken           [Unskilled]
 Spellcasting Skills
   attack spells      [Basic]
   healing spells     [Unskilled]
   divination spells  [Unskilled]
   enchantment spells [Basic]
   clerical spells    [Unskilled]
   escape spells      [Unskilled]
   matter spells      [Unskilled]

Voluntary challenges:
 Character rerolling was not enabled.
 You were an atheist.
 You never genocided any monsters.
 You never polymorphed an object.
 You never changed form.
 You used no wishes.
Achievements:
 You attained the rank of Conjurer.
 You entered a shop.

 The Dungeons of Doom: levels 1 to 5
    Level 1:
       A fountain.
    Level 2:
       A fountain.
    Level 3:
       A weapon shop, a fountain.
    Level 4:
    Level 5: <- You were here.
       Some fountains.
       Final resting place for
          you, killed by a bolt of lightning zapped by a leprechaun.


Vanquished creatures:
  2 leprechauns
  a fog cloud
  a shrieker
  a kobold mummy
  a gray ooze
  a ghoul
  a little dog
  a floating eye
  a kitten
  a dwarf
  a monkey
  a wererat
  2 iguanas
 an acid blob
  2 coyotes
  a giant rat
  a brown mold
  a gecko
  5 jackals
  a kobold
  4 goblins
  2 sewer rats
  4 grid bugs
  4 bats
  2 kobold zombies
  3 newts
46 creatures vanquished.

No species were genocided or became extinct.

Game over:
                       ----------
                      /          \
                     /    REST    \
                    /      IN      \
                   /     PEACE      \
                  /                  \
                  |    Drastanta     |
                  |      16 Au       |
                  | killed by a bolt |
                  |   of lightning   |
                  |   zapped by a    |
                  |    leprechaun    |
                  |       2026       |
                 *|     *  *  *      | *
        _________)/\\_//(\/(/\)/\//\/|_)_______

Goodbye Drastanta the Wizard...

You died in The Dungeons of Doom on dungeon level 5 with 1031 points,
and 16 pieces of gold, after 2289 moves.
You were level 5 with a maximum of 35 hit points when you died.

